Map: Lost and Found LE

Players

windchaser

  • Race: Zerg Zerg
  • Spawn Location: 1:00

Woogie - Winner!

  • Race: Zerg Zerg
  • League: Diamond
  • Spawn Location: 7:00

VOD

Have the link to the VOD?

Description

Swat away an early Ling All-in and opponent is too far behind in econ to stay for long.

Time

  • Played on: Sept. 19, 2018, 7:39 p.m.
  • Length: 6:30
Show
View Real Time Build Order
Export as new Build Order

windchaser Zerg 

Build Orders: Pool First 

Get SALT Encoding   

  12  0:26  Spawning Pool, Drone  
  12  0:27  Drone  
  13  0:32  Drone  
  14  0:36  Extractor  
  14  0:37  Drone  
  14  0:48  Overlord  
  14  1:12  Queen  
  14  1:13  Zergling x4  
  18  1:21  Zergling x2  
  19  1:31  Zergling x2  
  20  1:39  Metabolic Boost  
  20  1:42  Zergling x2  
  21  1:58  Zergling x2  
  22  2:08  Hatchery  
  21  2:29  Zergling x2  
  21  2:38  Zergling x2  
  21  2:42  Overlord  
  21  2:49  Overlord  
  18  2:59  Zergling x4  
  18  3:03  Drone  
  20  3:10  Queen  
  22  3:18  Zergling x2  
  23  3:25  Drone  
  23  3:26  Zergling x6  
  26  3:48  Zergling x2  
  27  3:49  Overlord  
  27  4:02  Hatchery  
  26  4:04  Baneling Nest  
  26  4:05  Drone x2  
  27  4:33  Drone  
  27  4:34  Drone x5  
  27  4:36  Drone  
  34  4:58  Drone  
  34  4:59  Overlord x2  
  27  5:14  Zergling x2  
  27  5:15  Zergling x16  
  27  5:20  Zergling x4  
  27  5:21  Zergling x4  
  40  5:25  Zergling x2  
  38  5:37  Baneling x3  
  28  5:50  Zergling x6  
  28  5:51  Zergling x12  
Show
View Real Time Build Order
Export as new Build Order

Woogie Zerg - Winner!

Build Orders: Hatch First 

Get SALT Encoding   

  12  0:00  Drone  
  13  0:12  Overlord  
  13  0:17  Drone  
  14  0:31  Drone x2  
  14  0:35  Drone  
  17  0:53  Hatchery  
  17  0:54  Drone  
  17  1:09  Spawning Pool  
  16  1:12  Extractor  
  16  1:13  Drone  
  16  1:17  Drone  
  17  1:20  Drone  
  18  1:28  Drone  
  19  1:40  Overlord  
  19  2:00  Queen  
  21  2:02  Drone x2  
  21  2:05  Queen  
  21  2:07  Zergling x2  
  26  2:16  Spine Crawler  
  23  2:35  Zergling x10  
  23  2:59  Queen x2  
  23  3:04  Drone  
  23  3:05  Drone  
  29  3:11  Metabolic Boost  
  29  3:28  Drone x3  
  29  3:29  Drone x3  
  35  3:49  Overlord x2  
  35  3:56  Baneling Nest  
  35  4:01  Drone  
  35  4:11  Zergling x2  
  35  4:12  Zergling x16  
  44  4:27  Evolution Chamber  
  44  4:29  Overlord  
  44  4:30  Drone x3  
  46  4:38  Zergling x2  
  45  5:04  Baneling x2  
  41  5:12  Drone x4  
  41  5:13  Drone x4  
  49  5:19  Baneling x3  
  49  5:20  Baneling  
  46  5:50  Baneling  
  46  5:52  Baneling  
  46  5:54  Drone x4  
  46  5:57  Extractor  
  48  5:58  Extractor  
  47  5:59  Roach Warren  
Tags
 
Add a new tag
Caveats
  • Supply blocks, unpowered buildings, or Contaminate may cause inaccurate times.
  • Supply counts are checked every 10 seconds.